AoeStats
← Jopska

African Clearing

505876873Analyzed
4v4 RM · 20d ago on Sep 11, 2026· 51m 10s· 8 players
Game mode
Random Map
Map size
Large (8 player)
Population
200
Speed
Normal
Resources
Standard
Victory
Conquest
Starting age
Dark Age
Ending age
Imperial Age
RankedLock teamsTeams togetherTeam positionsShared explorationLock speedFull tech treeHidden civsTurbo modeCheats
Victory
Defeat
🇭🇰 Teutons · Hong Kong SAR China
1208
+16
🇨🇳 Persians · China
1182
+17
🇨🇳 Britons · China
1182
+17
1178
+17
🇫🇮 Goths · Finland
1260
-19
🇨🇳 Mongols · China
1210
-17
🇬🇧 Inca · United Kingdom
1180
-16
🇫🇮 Portuguese · Finland
1169
-15
Doge
11:07 Loom
14:26 Feudal Age
15:42 Wheelbarrow
14:53 Town Watch
21:16 Horse Collar
21:26 Double-Bit Axe
27:18 Castle Age
29:43 Bow Saw
30:47 Forging
30:43 Scale Barding Armor
31:18 Heavy Plow
32:12 Bloodlines
33:00 Hand Cart
33:48 Iron Casting
33:34 Chain Barding Armor
42:08 Imperial Age
43:53 Two-Man Saw
43:29 Crop Rotation
42:55 Gold Mining
42:57 Stone Mining
42:40 Capped Ram
42:45 Cavalier
45:37 Paladin
46:42 Town Patrol
47:35 Ironclad
49:58 Caravan
51:08 Conscription
MapleStory
3:23 Loom
12:37 Feudal Age
13:24 Double-Bit Axe
20:23 Castle Age
20:30 Forging
21:10 Bloodlines
32:27 Bow Saw
35:44 Wheelbarrow
34:53 Horse Collar
41:19 Imperial Age
39:04 Scale Barding Armor
40:18 Husbandry
40:52 Gold Mining
41:34 Heavy Plow
41:24 Cavalier
43:14 Iron Casting
44:05 Chain Barding Armor
44:16 Hand Cart
45:24 Two-Man Saw
46:00 Conscription
46:43 Plate Barding Armor
47:37 Savar
50:36 Blast Furnace
50:29 Gold Shaft Mining
49:56 Stone Mining
52:10 Crop Rotation
浮槎万里获星河
5:58 Loom
14:08 Feudal Age
15:47 Double-Bit Axe
20:04 Castle Age
18:47 Gold Mining
18:45 Horse Collar
20:08 Crossbowman
22:39 Fletching
28:11 Stone Mining
30:59 Wheelbarrow
33:03 Ballistics
33:18 Town Watch
33:46 Thumb Ring
33:54 Bodkin Arrow
35:06 Treadmill Crane
38:19 Imperial Age
37:44 Padded Archer Armor
38:47 Elite Skirmisher
40:42 Bow Saw
40:41 Heavy Plow
40:17 Capped Ram
41:23 Arbalester
43:18 Chemistry
43:33 Hand Cart
44:23 Bracer
45:36 Leather Archer Armor
45:13 Imperial Skirmisher
48:56 Ring Archer Armor
49:39 Elite Rattan Archer
51:10 Fortified Wall
小明
6:11 Loom
14:26 Feudal Age
19:20 Castle Age
17:12 Double-Bit Axe
18:32 Fletching
19:05 Padded Archer Armor
20:26 Horse Collar
22:30 Bodkin Arrow
25:46 Ballistics
26:19 Town Watch
34:42 Wheelbarrow
34:22 Crossbowman
38:48 Imperial Age
36:35 Leather Archer Armor
37:17 Gold Mining
37:17 Stone Mining
38:03 Hand Cart
39:46 Yeomen
40:42 Chemistry
39:04 Arbalester
39:58 Town Patrol
40:18 Bracer
40:48 Ring Archer Armor
40:46 Conscription
41:03 Treadmill Crane
41:55 Gambesons
42:10 Squires
41:55 Arson
41:32 Pikeman
43:03 Forging
42:53 Scale Mail Armor
44:05 Bow Saw
43:58 Heavy Plow
44:38 Gold Shaft Mining
47:32 Iron Casting
47:12 Chain Mail Armor
47:15 Masonry
51:39 Two-Man Saw
Gouldy928
9:52 Loom
12:11 Feudal Age
12:37 Town Watch
12:33 Horse Collar
12:39 Double-Bit Axe
19:21 Horse Collar
23:20 Fletching
34:41 Castle Age
37:09 Bow Saw
37:36 Guard Tower
40:10 Bodkin Arrow
45:13 Masonry
46:01 Ballistics
48:20 Treadmill Crane
Call me Ji Ye
3:34 Loom
13:04 Feudal Age
16:16 Double-Bit Axe
18:47 Castle Age
16:40 Stone Mining
16:35 Horse Collar
25:45 Wheelbarrow
27:44 Bow Saw
28:55 Hand Cart
33:09 Imperial Age
31:16 Gold Mining
32:04 Fletching
32:15 Padded Archer Armor
33:19 Bodkin Arrow
33:40 Leather Archer Armor
34:09 Ballistics
37:11 Capped Ram
38:20 Conscription
39:48 Gold Shaft Mining
40:28 Bracer
42:12 Chemistry
41:28 Thumb Ring
42:19 Elite Skirmisher
43:25 Husbandry
43:35 Bloodlines
45:40 Town Watch
Matti
9:06 Loom
12:05 Feudal Age
14:07 Town Watch
17:11 Castle Age
28:22 Imperial Age
32:30 Town Patrol
33:21 Fletching
34:21 Elite Skirmisher
35:37 Bodkin Arrow
36:20 Thumb Ring
37:33 Conscription
37:34 Forging
38:24 Wheelbarrow
40:07 Chemistry
39:03 Murder Holes
39:26 Bracer
41:43 Arquebus
42:28 Padded Archer Armor
43:38 Bombard Tower
43:57 Leather Archer Armor
43:43 Scale Mail Armor
46:03 Gambesons
46:04 Arson
45:39 Pikeman
45:40 Man-at-Arms
49:54 Ring Archer Armor
Jopska
6:39 Loom
13:18 Feudal Age
18:08 Castle Age
16:04 Double-Bit Axe
17:22 Man-at-Arms
18:34 Forging
29:03 Horse Collar
30:43 Wheelbarrow
32:21 Squires
33:50 Iron Casting
33:16 Scale Mail Armor
39:05 Pikeman
48:15 Imperial Age
Connection lost

Rejoining the realm…

Still unreachable

The connection could not be restored.

Session expired

The server has moved on; the page needs a fresh start.